Map: Terraços Prion

Players

JaKaTaK

  • Race: Zerg Zerg
  • League: Grandmaster

TheZergLord - Winner!

  • Race: Zerg Zerg
  • League: Master

VOD

Have the link to the VOD?

Description

Time

  • Played on: May 3, 2016, 11:42 a.m.
  • Length: 11:29
Show
View Real Time Build Order
Export as new Build Order

JaKaTaK Zerg 

Build Orders: Pool First 

Get SALT Encoding   

  12  0:01  Drone  
  13  0:10  Drone  
  14  0:16  Extractor, Drone  
  14  0:32  Spawning Pool  
  14  0:35  Drone  
  14  0:44  Overlord  
  14  0:52  Extractor  
  14  0:53  Drone  
  15  1:02  Drone x2  
  17  1:18  Metabolic Boost  
  17  1:19  Drone  
  17  1:25  Queen  
  20  1:30  Zergling x2  
  20  1:32  Zergling x2  
  22  1:44  Baneling Nest  
  22  1:45  Zergling x2  
  22  1:51  Overlord  
  22  2:09  Zergling x2  
  23  2:16  Hatchery  
  23  2:21  Zergling x2  
  23  2:29  Baneling x4  
  23  2:32  Zergling x4  
  25  2:37  Zergling x2  
  26  2:47  Zergling x4  
  28  2:56  Zergling x2  
  26  3:06  Zergling x2  
  26  3:09  Overlord  
  26  3:11  Drone x2  
  29  3:23  Baneling  
  29  3:24  Baneling x2  
  25  3:31  Zergling x6  
  27  3:38  Queen  
  26  3:51  Drone x4  
  31  4:02  Drone x2  
  31  4:07  Evolution Chamber  
  29  4:16  Drone x4  
  31  4:34  Zerg Missile Weapons Level 1  
  31  4:35  Roach Warren  
  31  4:36  Drone x6  
  36  4:53  Extractor  
  36  4:55  Extractor  
  36  4:56  Drone x7  
  41  5:03  Lair  
  41  5:05  Overlord x2  
  41  5:16  Overlord  
  41  5:17  Overlord  
  41  5:27  Roach  
  41  5:28  Hatchery, Roach  
  45  5:33  Roach  
  45  5:34  Roach  
  48  5:37  Roach  
  50  5:44  Roach x3  
  50  5:48  Roach x2  
  60  5:54  Roach x2  
  64  6:00  Glial Reconstitution  
  64  6:04  Queen  
  64  6:07  Roach x2  
  70  6:16  Overlord x2  
  70  6:23  Roach x3  
  76  6:36  Drone x8  
  84  6:47  Overlord  
  84  6:49  Roach  
  84  6:50  Roach x2  
  90  6:56  Roach  
  92  7:01  Roach  
  92  7:02  Roach  
  92  7:07  Roach  
  92  7:08  Roach x3  
  104  7:12  Ravager  
  104  7:14  Overlord x2  
  104  7:15  Overlord x2  
  105  7:25  Zerg Missile Weapons Level 2  
  105  7:28  Ravager  
  106  7:34  Roach  
  106  7:35  Roach x2  
  112  7:42  Roach  
  112  7:43  Roach x2  
  118  7:48  Roach  
  110  7:55  Roach x2  
  95  8:00  Roach x2  
  95  8:02  Zergling x20  
  105  8:09  Roach  
  105  8:10  Roach x2  
  111  8:16  Extractor  
  96  8:20  Roach x2  
  96  8:25  Roach  
  96  8:26  Roach x2  
  99  8:27  Extractor  
  99  8:31  Drone  
  99  8:36  Drone x3  
  102  8:41  Ravager  
  102  8:42  Roach x3  
  102  8:44  Zergling x10  
  114  8:50  Ravager  
  115  8:57  Hatchery, Drone x4  
  118  9:09  Ravager  
  121  9:10  Roach  
  121  9:11  Overlord x8  
  121  9:21  Pneumatized Carapace  
  121  9:32  Roach x7  
  135  9:39  Overseer  
  135  9:40  Roach  
  135  9:41  Roach x4  
  143  9:56  Roach x3  
  149  10:03  Roach x3  
  153  10:19  Roach x10  
  140  10:23  Roach  
  118  10:28  Roach x3  
  108  10:36  Roach x3  
  108  10:37  Roach x4  
  115  10:46  Roach x2  
  103  10:54  Roach x4  
  103  11:00  Roach x3  
  97  11:08  Roach x9  
Show
View Real Time Build Order
Export as new Build Order

TheZergLord Zerg - Winner!

Build Orders: Hatch First 

Get SALT Encoding   

  12  0:01  Drone  
  13  0:13  Overlord  
  13  0:17  Drone  
  14  0:31  Drone x2  
  16  0:35  Drone  
  17  0:55  Hatchery  
  17  0:56  Drone  
  17  1:10  Spawning Pool  
  16  1:12  Extractor  
  16  1:14  Drone  
  16  1:17  Drone  
  17  1:21  Drone  
  18  1:30  Drone  
  19  1:40  Overlord  
  19  1:58  Queen, Zergling x2  
  22  2:02  Zergling x2  
  22  2:07  Queen  
  25  2:12  Zergling x4  
  27  2:15  Baneling Nest  
  27  2:18  Spine Crawler  
  25  2:23  Zergling x2  
  26  2:31  Zergling x4  
  26  3:01  Baneling  
  26  3:02  Baneling x6  
  26  3:05  Drone x4  
  28  3:06  Drone x2  
  29  3:32  Drone x3  
  32  3:37  Baneling x2  
  32  3:38  Baneling  
  31  3:51  Drone x2  
  31  3:52  Drone  
  33  4:01  Zergling x4  
  34  4:17  Overlord x2  
  34  4:18  Drone  
  34  4:19  Baneling  
  34  4:20  Baneling x3  
  34  4:35  Queen  
  34  4:37  Drone x6  
  44  4:49  Drone x2  
  44  4:50  Drone  
  47  4:53  Extractor  
  47  4:54  Roach Warren  
  45  5:05  Lair  
  43  5:08  Extractor x2  
  43  5:09  Drone x3  
  43  5:14  Drone x4  
  47  5:20  Drone  
  49  5:33  Hatchery  
  48  5:36  Roach  
  48  5:39  Overlord x2  
  48  5:40  Overlord  
  48  5:42  Evolution Chamber  
  49  5:52  Overlord x2  
  49  5:59  Roach x6  
  61  6:04  Glial Reconstitution  
  61  6:07  Zerg Missile Weapons Level 1  
  63  6:11  Roach x3  
  63  6:12  Roach  
  63  6:13  Overseer  
  63  6:16  Roach  
  71  6:25  Roach x3  
  77  6:26  Roach x2  
  81  6:35  Overlord  
  81  6:37  Roach  
  83  6:43  Roach x2  
  83  6:44  Roach  
  83  6:46  Overlord  
  89  6:59  Roach x5  
  89  7:00  Roach  
  105  7:08  Roach x3  
  105  7:12  Roach  
  105  7:13  Roach  
  111  7:16  Ravager x2  
  111  7:18  Overlord  
  113  7:23  Extractor  
  113  7:24  Ravager  
  113  7:26  Ravager, Extractor  
  115  7:44  Roach  
  115  7:45  Roach x2  
  113  7:52  Roach  
  113  7:53  Roach x7  
  113  8:01  Overlord  
  113  8:07  Drone x5  
  113  8:08  Drone x3  
  113  8:09  Overlord  
  113  8:10  Overlord  
  95  8:28  Roach  
  95  8:29  Roach x5  
  103  8:38  Zerg Missile Weapons Level 2  
  105  8:41  Roach x2  
  105  8:42  Roach x5  
  117  8:49  Extractor  
  117  8:55  Roach x3  
  122  8:56  Roach x4  
  122  9:02  Roach  
  132  9:12  Roach x6  
  144  9:21  Overlord x3  
  144  9:41  Roach x8  
  160  9:51  Overlord  
  158  10:19  Roach x5  
  158  10:20  Roach x7  
  130  10:28  Roach  
  130  10:29  Roach x7  
  132  10:51  Queen  
  132  10:56  Roach x8  
  127  11:05  Roach x6  
  127  11:06  Roach x2  
Tags
 
Add a new tag
Caveats
  • Supply blocks, unpowered buildings, or Contaminate may cause inaccurate times.
  • Supply counts are checked every 10 seconds.